 Dungeon Crawl Stone Soup version 0.24.0-7-gb3623d2c88 (webtiles) character file.

Game seed: 11915926229395133123, levelgen mode: deterministic

261 spidu the Conjurer (level 5, 0/47 HPs)
             Began as a Draconian Conjurer on Nov 2, 2019.
             Slain by Grinder (1 damage)
             ... while paralysed by Grinder
             ... on level 3 of the Dungeon.
             The game lasted 00:34:53 (4455 turns).

spidu the Conjurer (Draconian Conjurer)             Turns: 4455, Time: 00:34:54

Health: 0/47       AC:  5    Str: 10    XL:     5   Next: 96%
Magic:  1/8        EV:  2    Int: 17    God:
Gold:   156        SH:  0    Dex: 11    Spells: 5/8 levels left

rFire    + . .     SeeInvis .   t - +2 dagger (elec)
rCold    x . .     Gourm    .   (no shield)
rNeg     . . .     Faith    .   (armour unavailable)
rPois    .         Spirit   .   (helmet restricted)
rElec    .         Reflect  .   (no cloak)
rCorr    .         Harm     .   (no gloves)
MR       .....                  (no boots)
Stlth    ++........             (no amulet)
HPRegen  0.15/turn              m - ring of fire
MPRegen  0.11/turn              (no ring)

@: paralysed
A: unfitting armour, cold-blooded, AC +5
a: no special abilities


You were on level 3 of the Dungeon.
You were not hungry.

You visited 1 branch of the dungeon, and saw 3 of its levels.

You collected 156 gold pieces.

Inventory:

Hand Weapons
 k - a +1 dagger
 t - a +2 dagger of electrocution (weapon)
 u - a +1 short sword of draining
Missiles
 d - 95 stones (quivered)
 g - 6 poisoned darts
Jewellery
 m - a ring of fire (left hand)
Wands
 o - a wand of polymorph (2)
Scrolls
 a - 4 scrolls of identify {unknown}
 f - 2 scrolls of enchant weapon
 p - a scroll of fog
 s - a scroll of remove curse {unknown}
Potions
 c - a potion of heal wounds {unknown}
 e - 2 potions of flight {unknown}
 h - a potion of agility {unknown}
 i - a potion of mutation {unknown}
 j - a potion of magic {unknown}
 l - a potion of resistance {unknown}
 n - 2 potions of brilliance {unknown}
 q - 2 potions of curing {unknown}
 v - a potion of cancellation {unknown}
Comestibles
 b - 3 rations
 r - a chunk of flesh


   Skills:
 + Level 4.4 Fighting
 - Level 1.7 Dodging
 - Level 1.7 Stealth
 - Level 2.0 Spellcasting
 + Level 5.8 Conjurations


You had 5 spell levels left.
You knew the following spells:

 Your Spells              Type           Power        Failure   Level  Hunger
a - Magic Dart            Conj           ###.         1%          1    #......
b - Searing Ray           Conj           ###...       2%          2    ###....

Your spell library contained the following spells:

 Spells                   Type           Power        Failure   Level  Hunger
 Dazzling Spray           Conj/Hex       ##....       17%         3    ###....
 Iskenderun's Mystic Bla  Conj           ###.....     17%         4    #####..
 Force Lance              Conj/Tloc      ##......     50%         4    #####..
 Fulminant Prism          Conj/Hex       ##........   50%         4    #####..


Dungeon Overview and Level Annotations

Branches:
Dungeon (3/15)

Altars:
Cheibriados
Xom
Zin

Annotations:
D:3 1 runed translucent door, Esekla's ghost, novice SpWz; Grinder


Innate Abilities, Weirdness & Mutations

Your plain brown scales are hard. (AC +5)
You cannot fit into any form of body armour.
You are cold-blooded and may be slowed by cold attacks.


Message History

Okay, then.
Press: ? - help, v - describe, . - travel
Here: Grinder (severely wounded)
The floor.
As you read the scroll labeled KISIFF CYMM, it crumbles to dust.
The scroll dissolves into smoke.
It was a scroll of fog.
Grinder hits you. Grinder gestures at you.
You suddenly lose the ability to move!
Grinder gestures at you.
You shrug off the repeated paralysis!
Grinder gestures at you. Pain shoots through your body!
* * * LOW HITPOINT WARNING * * *
Grinder hits you.
* * * LOW HITPOINT WARNING * * *
You writhe in agony.
* * * LOW HITPOINT WARNING * * *
Grinder barely misses you. Grinder hits you.
You die...

####### ############....<#
#%.....§§@§§.....######
#.#...§§5§§§..........####
#.#....§§§§§............÷.
#.....§.####.....#.#####.#
##..................# #.#
#...#..#.####.#####.# #..
##.#.#.#.# #.# #.# #.#
######..##.#.# #.# #.# #.#
###.......##(#.# #.. ...
..#


You could see Grinder.

Vanquished Creatures
  Jessica (D:3)
  Natasha (thrice) (D:2)
  4 gnolls
  3 adders (D:2)
  2 oozes
  3 worms (D:2)
  4 dart slugs
  8 orcs (D:3)
  A ball python (D:1)
  4 bats
  3 giant cockroaches
  6 goblins
  6 hobgoblins
  2 jackals (D:3)
  4 frilled lizards (D:1)
  9 kobolds
  7 rats
70 creatures vanquished.

Vanquished Creatures (others)
  2 withered plants (D:3)
2 creatures vanquished.

Grand Total: 72 creatures vanquished

Notes
Turn   | Place    | Note
-------+----------+-------------------------------------------
     0 | D:1      | spidu the Draconian Conjurer began the quest for the Orb.
     0 | D:1      | Reached XP level 1. HP: 14/14 MP: 3/3
   156 | D:1      | Reached skill level 1 in Fighting
   265 | D:1      | Reached XP level 2. HP: 23/23 MP: 3/5
   622 | D:1      | Learned a level 2 spell: Searing Ray
   903 | D:2      | Reached XP level 3. HP: 29/29 MP: 3/6
  1218 | D:2      | Found a faded altar of an unknown god.
  1516 | D:2      | Reached XP level 4. HP: 36/37 MP: 1/7
  1745 | D:2      | Found a shimmering altar of Xom.
  1747 | D:2      | Noticed an angel
  1750 | D:2      | Noticed Natasha
  1943 | D:2      | Killed Natasha
  1943 | D:2      | Reached skill level 5 in Conjurations
  1969 | D:2      | Noticed Natasha
  2707 | D:2      | Reached XP level 5. HP: 45/45 MP: 4/8
  2763 | D:2      | Found a snail-covered altar of Cheibriados.
  2770 | D:2      | Found a glowing silver altar of Zin.
  2787 | D:2      | Killed Natasha
  3025 | D:2      | Noticed Natasha
  3034 | D:2      | Killed Natasha
  3136 | D:3      | Noticed Grinder
  3559 | D:3      | Found a runed translucent door.
  3560 | D:3      | Noticed Esekla's ghost (novice SpWz)
  3979 | D:3      | Noticed Jessica
  3983 | D:3      | Killed Jessica
  4450 | D:3      | Paralysed by Grinder for 7 turns
  4453 | D:3      | HP: 1/47 [Grinder (4)]
  4455 | D:3      | Slain by Grinder

Levels and vault maps discovered:
D:1:      tarquinn_simple_flora_water_e, layout_rooms
D:2:      layout_basic, grunt_temple_overflow_order_and_chaos_1,
          overflow_temple_1_default, first_ration,
          chequers_ecumenical_altar_island, uniq_natasha
D:3:      layout_loops_ring, nemelex_xobeh_ov_fountains_minmay,
          gammafunk_ghost_grave, uniq_jessica, uniq_grinder

Skill      XL: |  1  2  3  4  5 |
---------------+----------------+-----
Fighting       | 1 2 3 4 |  4.4
Conjurations   | 5 |  5.8
Dodging        | |  1.7
Stealth        | |  1.7
Spellcasting   | |  2.0

Action                   |  1- 3 |  4- 6 || total
-------------------------+-------+-------++-------
Melee: Club              |     3 |       ||     3
       Whip              |     3 |       ||     3
       Dagger            |     9 |    40 ||    49
       Tailslap          |       |     2 ||     2
Throw: Stone             |    27 |    29 ||    56
 Cast: Magic Dart        |    46 |    44 ||    90
       Searing Ray       |     6 |    24 ||    30
  Use: Scroll            |     1 |     1 ||     2
  Eat: Chunk             |     3 |     8 ||    11
       Ration            |       |     1 ||     1
Armor: Skin              |    10 |    35 ||    45
Dodge: Dodged            |    28 |    38 ||    66
